[Event "22nd ETCC Women 2019"]
[Site "Batumi"]
[Date "2019.10.24"]
[Round "1.11"]
[White "Klek, Hanna Marie"]
[Black "Osmak, Iulija"]
[Result "1-0"]
[ECO "C02"]
[WhiteElo "2248"]
[BlackElo "2409"]
[Annotator "NA"]
[PlyCount "130"]
[EventDate "2019.10.24"]
[EventType "team-tourn"]
[EventCountry "GEO"]
[SourceTitle "playchess.com"]
[Source "ChessBase"]
[SourceQuality "1"]
[WhiteTeam "Germany"]
[BlackTeam "Ukraine"]
[WhiteTeamCountry "GER"]
[BlackTeamCountry "UKR"]
[TimeControl "40/5400+30:1800+30"]

1. e4 e6 2. d4 d5 3. e5 c5 4. c3 Qb6 5. Nf3 Nc6 6. a3 c4 7. Nbd2 Na5 8. Be2 Bd7 9. O-O Ne7 10. a4 Nf5 11. g4 Ne7 12. Ne1 f6 13. f4 fxe5 14. fxe5 Ng6 15. Kh1 Be7 16. Ng2 O-O-O 17. Nf3 Rdf8 18. Qc2 Nb3 19. Ra2 Be8 20. Be3 h5 21. gxh5 Rxh5 22. Ng1 Rxf1 23. Bxh5 Rf5 24. Bg4 Rf8 25. Qe2 Kb8 26. Qe1 Bd8 27. Qg3 Ne7 28. Nf4 Nf5 29. Bxf5 Rxf5 30. Qxg7 a5 31. Qh8 Bf7 32. Nf3 Ka7 33. Kg2 Qc7 34. h4 Qd7 35. Kg3 Be8 36. Qg8 Rf7 37. Kf2 Be7 38. Qg4 Rf5 39. Ke2 Bf8 40. Ng5 Bf7 41. Ke1 Bh6 42. Ra3 Qc8 43. Ne2 Bxg5 44. Bxg5 Bg6 45. Ng3 Rf8 46. h5 Bd3 47. Bf6 Rg8 48. Bg7 Qe8 49. h6 Qf7 50. Rxb3 cxb3 51. Ne2 Bf5 52. Qg5 Qe8 53. c4 Qc6 54. c5 Qxa4 55. Qc1 Qd7 56. Qc3 a4 57. Qa5+ Kb8 58. Nc3 Bd3 59. Nxa4 Qf7 60. Kd2 Bc4 61. Kc3 Qf2 62. Kb4 Qxd4 63. Ka3 Bd3 64. Nb6 Ba6 65. Nd7+ Kc8 1-0

[Event "22nd ETCC Women 2019"]
[Site "Batumi"]
[Date "2019.10.24"]
[Round "1.12"]
[White "Zhukova, Natalia"]
[Black "Osmanodja, Filiz"]
[Result "1-0"]
[ECO "A17"]
[WhiteElo "2333"]
[BlackElo "2225"]
[Annotator "NA"]
[PlyCount "81"]
[EventDate "2019.10.24"]
[EventType "team-tourn"]
[EventCountry "GEO"]
[SourceTitle "playchess.com"]
[Source "ChessBase"]
[SourceQuality "1"]
[WhiteTeam "Ukraine"]
[BlackTeam "Germany"]
[WhiteTeamCountry "UKR"]
[BlackTeamCountry "GER"]
[TimeControl "40/5400+30:1800+30"]

1. Nf3 Nf6 2. c4 e6 3. Nc3 Bb4 4. Qc2 O-O 5. a3 Bxc3 6. Qxc3 d6 7. d4 h6 8. g3 Re8 9. Bg2 Nc6 10. O-O e5 11. d5 Ne7 12. Nd2 c5 13. b4 b6 14. e4 Ng6 15. Nb3 Bd7 16. Bd2 Qc7 17. Rfc1 Nh7 18. Qd3 Rf8 19. Rab1 f5 20. bxc5 bxc5 21. Na5 f4 22. Rb7 Qc8 23. h4 Bg4 24. f3 Bd7 25. h5 Nh8 26. gxf4 exf4 27. Rcb1 Ng5 28. Nc6 Bxc6 29. dxc6 Qxc6 30. Qc3 Ne6 31. Bh3 Nd4 32. Kf2 Qe8 33. Rg1 Rf7 34. Qb2 Qd8 35. Rg4 Qe8 36. Bxf4 Rxb7 37. Qxb7 Nf7 38. Bxh6 Ne6 39. Bxg7 Nxg7 40. h6 Kh8 41. Rxg7 1-0

[Event "22nd ETCC Women 2019"]
[Site "Batumi"]
[Date "2019.10.24"]
[Round "1.12"]
[White "Kyrkjebo, Marte B."]
[Black "Kolotilina, Liudmila"]
[Result "0-1"]
[ECO "B30"]
[WhiteElo "1871"]
[BlackElo "2242"]
[Annotator "NA"]
[PlyCount "76"]
[EventDate "2019.10.24"]
[EventType "team-tourn"]
[EventCountry "GEO"]
[SourceTitle "playchess.com"]
[Source "ChessBase"]
[SourceQuality "1"]
[WhiteTeam "Norway"]
[BlackTeam "Spain"]
[WhiteTeamCountry "NOR"]
[BlackTeamCountry "ESP"]
[TimeControl "40/5400+30:1800+30"]

1. e4 c5 2. Nf3 Nc6 3. Bb5 a6 4. Bxc6 dxc6 5. d3 Qc7 6. h3 e5 7. O-O Ne7 8. Be3 Ng6 9. a4 a5 10. Na3 Be7 11. Qd2 f6 12. Qc3 b6 13. Qb3 Nf8 14. Nd2 Ne6 15. Nac4 Rb8 16. Na3 Bd8 17. c3 Qf7 18. Nac4 Bc7 19. Qc2 O-O 20. Nf3 Rd8 21. Rfd1 Nf4 22. Bxf4 exf4 23. Qe2 Be6 24. Rd2 Ra8 25. Na3 Re8 26. d4 Bd5 27. e5 cxd4 28. cxd4 Rad8 29. Nc2 fxe5 30. Nxe5 Bxe5 31. dxe5 f3 32. Qe3 fxg2 33. Qg3 Qe7 34. Re1 Rf8 35. Ne3 Qb4 36. Red1 Qe7 37. Nxd5 Rf3 38. Ne3 Rff8 0-1

[Event "22nd ETCC Women 2019"]
[Site "Batumi"]
[Date "2019.10.24"]
[Round "1.13"]
[White "Socko, Monika"]
[Black "Avramidou, Anastasia"]
[Result "1/2-1/2"]
[ECO "D74"]
[WhiteElo "2417"]
[BlackElo "2247"]
[Annotator "NA"]
[PlyCount "110"]
[EventDate "2019.10.24"]
[EventType "team-tourn"]
[EventCountry "GEO"]
[SourceTitle "playchess.com"]
[Source "ChessBase"]
[SourceQuality "1"]
[WhiteTeam "Poland"]
[BlackTeam "Greece"]
[WhiteTeamCountry "POL"]
[BlackTeamCountry "GRE"]
[TimeControl "40/5400+30:1800+30"]

1. d4 Nf6 2. c4 g6 3. Nf3 Bg7 4. g3 O-O 5. Bg2 d5 6. cxd5 Nxd5 7. O-O Nc6 8. Nc3 Nxc3 9. bxc3 e5 10. d5 Na5 11. e4 b6 12. Ba3 Re8 13. Qd3 Qd7 14. Bb4 Qa4 15. Rfb1 Nb7 16. c4 Nd6 17. Nd2 f5 18. Rb3 Bh6 19. f3 Bxd2 20. Qxd2 Nxc4 21. Qc3 b5 22. Bf1 fxe4 23. fxe4 Bg4 24. Rc1 Qa6 25. Bxc4 bxc4 26. Qxc4 Qxa2 27. Ra3 Qxc4 28. Rxc4 Reb8 29. Kf2 Rb7 30. Ke3 Rab8 31. Bc5 Rb2 32. h3 Bxh3 33. d6 cxd6 34. Bxd6 R8b3+ 35. Rc3 Be6 36. Bxe5 Rxa3 37. Rxa3 Rb3+ 38. Rxb3 Bxb3 39. Bc3 Kf7 40. Kd4 Kf6 41. Kc5+ Ke6 42. Kb5 Bc2 43. Ka6 Bxe4 44. Kxa7 h5 45. Kb6 g5 46. Kc5 Kf5 47. Ba5 Kg4 48. Bc7 h4 49. gxh4 gxh4 50. Kd4 Kf3 51. Bb8 Bb7 52. Bc7 Kg2 53. Ke3 h3 54. Bd6 h2 55. Bxh2 Kxh2 {[%emt 0:00:05] Ke4} 1/2-1/2

[Event "22nd ETCC Women 2019"]
[Site "Batumi"]
[Date "2019.10.24"]
[Round "1.13"]
[White "Nazarova, Anastasia"]
[Black "Mkrtchian, Lilit"]
[Result "1/2-1/2"]
[ECO "C09"]
[WhiteElo "2147"]
[BlackElo "2402"]
[Annotator "NA"]
[PlyCount "62"]
[EventDate "2019.10.24"]
[EventType "team-tourn"]
[EventCountry "GEO"]
[SourceTitle "playchess.com"]
[Source "ChessBase"]
[SourceQuality "1"]
[WhiteTeam "Finland"]
[BlackTeam "Armenia"]
[WhiteTeamCountry "FIN"]
[BlackTeamCountry "ARM"]
[TimeControl "40/5400+30:1800+30"]

1. e4 e6 2. d4 d5 3. Nd2 c5 4. exd5 exd5 5. Ngf3 Nc6 6. Bb5 Qe7+ 7. Be2 Qc7 8. dxc5 Bxc5 9. Nb3 Be7 10. c3 (10. Qxd5 $2 Nb4 $17 {[%mdl 64] Double Attack}) 10... Nf6 11. O-O O-O $14 12. Bg5 Rd8 13. Nbd4 h6 14. Bh4 Ne4 15. Bxe7 Qxe7 16. Qc2 Qf6 17. Rad1 Bg4 18. Ne1 Bxe2 19. Qxe2 Ne5 20. Nec2 Nd6 21. Ne3 Ndc4 22. Ndf5 Kh7 23. b3 Nb6 24. f4 Nc6 25. Qd3 Kh8 26. Rf3 Ne7 27. Nd4 Re8 28. Rdf1 Nc6 29. Ndf5 Re4 30. Ng3 Ree8 31. Ngf5 Re4 1/2-1/2

[Event "22nd ETCC Women 2019"]
[Site "Batumi"]
[Date "2019.10.24"]
[Round "1.14"]
[White "Ghukasyan, Siranush"]
[Black "Puuska, Heini"]
[Result "1-0"]
[ECO "B12"]
[WhiteElo "2261"]
[BlackElo "1992"]
[Annotator "NA"]
[PlyCount "79"]
[EventDate "2019.10.24"]
[EventType "team-tourn"]
[EventCountry "GEO"]
[SourceTitle "playchess.com"]
[Source "ChessBase"]
[SourceQuality "1"]
[WhiteTeam "Armenia"]
[BlackTeam "Finland"]
[WhiteTeamCountry "ARM"]
[BlackTeamCountry "FIN"]
[TimeControl "40/5400+30:1800+30"]

1. e4 c6 2. d4 d5 3. e5 c5 4. dxc5 e6 5. Nf3 Bxc5 6. Bd3 Ne7 7. O-O Ng6 8. Re1 O-O 9. h4 h6 10. h5 Nh4 11. Nbd2 Nc6 12. c3 Bd7 13. Bc2 f5 14. g3 Nxf3+ 15. Nxf3 Be7 16. Kg2 Be8 17. Rh1 Rc8 18. Bf4 Bf7 19. Qd3 d4 20. Nxd4 Nxd4 21. cxd4 Qd5+ 22. f3 Rfd8 23. Be3 Bg5 24. Bb3 Qd7 25. Bxg5 hxg5 26. Rad1 g4 27. fxg4 fxg4 28. h6 Qc6+ 29. Kg1 g6 30. Qf1 Qf3 31. Qxf3 gxf3 32. Kf2 Kh7 33. Kxf3 g5 34. Ke3 b5 35. Rdf1 Rd7 36. Rxf7+ Rxf7 37. Bxe6 Rcf8 38. Bxf7 Rxf7 39. e6 Rf6 40. d5 1-0

[Event "22nd ETCC Women 2019"]
[Site "Batumi"]
[Date "2019.10.24"]
[Round "1.14"]
[White "Pavlidou, Ekaterini"]
[Black "Zawadzka, Jolanta"]
[Result "0-1"]
[ECO "A06"]
[WhiteElo "2183"]
[BlackElo "2406"]
[Annotator "NA"]
[PlyCount "52"]
[EventDate "2019.10.24"]
[EventType "team-tourn"]
[EventCountry "GEO"]
[SourceTitle "playchess.com"]
[Source "ChessBase"]
[SourceQuality "1"]
[WhiteTeam "Greece"]
[BlackTeam "Poland"]
[WhiteTeamCountry "GRE"]
[BlackTeamCountry "POL"]
[TimeControl "40/5400+30:1800+30"]

1. Nf3 d5 2. e3 Nf6 3. c4 e6 4. Nc3 a6 5. b3 c5 6. cxd5 exd5 7. d4 Nc6 8. Be2 cxd4 9. exd4 Ne4 10. Bd2 Bb4 11. Rc1 Ba3 12. Rc2 Nb4 13. Nxe4 dxe4 14. Bxb4 Bxb4+ 15. Nd2 O-O 16. Rc4 Qe7 17. O-O Bd6 18. d5 f5 19. Re1 b5 20. Rc6 Bb7 21. Rb6 Rf6 22. Rxd6 Rxd6 23. a4 Rxd5 24. axb5 axb5 25. Qc2 Rc8 26. Qa2 Qb4 0-1

[Event "22nd ETCC Women 2019"]
[Site "Batumi"]
[Date "2019.10.24"]
[Round "1.15"]
[White "Cyfka, Karina"]
[Black "Makropoulou, Marina"]
[Result "1/2-1/2"]
[ECO "E11"]
[WhiteElo "2412"]
[BlackElo "2201"]
[Annotator "NA RC"]
[PlyCount "158"]
[EventDate "2019.10.24"]
[EventType "team-tourn"]
[EventCountry "GEO"]
[SourceTitle "playchess.com"]
[Source "ChessBase"]
[SourceQuality "1"]
[WhiteTeam "Poland"]
[BlackTeam "Greece"]
[WhiteTeamCountry "POL"]
[BlackTeamCountry "GRE"]
[TimeControl "40/5400+30:1800+30"]

1. d4 Nf6 2. c4 e6 3. Nf3 Bb4+ 4. Bd2 a5 5. Nc3 b6 6. e3 Bb7 7. Bd3 O-O 8. O-O d6 9. Qe2 Bxc3 10. Bxc3 Ne4 11. Be1 Nd7 12. Nd2 f5 13. f3 Nxd2 14. Bxd2 e5 15. d5 Qe7 16. Bc3 Rae8 17. Bc2 Bc8 18. a3 Qh4 19. b4 Ba6 20. Bb3 f4 21. Rae1 Nf6 22. Qf2 Qxf2+ 23. Rxf2 fxe3 24. Rxe3 axb4 25. axb4 Ra8 26. Rd2 g5 27. Rd1 b5 28. c5 Bc8 29. Bb2 Kg7 30. Ree1 Bf5 31. g3 Rfe8 32. Rc1 Ra7 33. Re3 Bg6 34. cxd6 cxd6 35. Rc6 Rd8 36. f4 gxf4 37. gxf4 e4 38. Rb6 Kf7 39. Rxb5 Bf5 40. Rb6 Nh5 41. Kf1 Nxf4 42. Rg3 Bh3+ 43. Kf2 Nd3+ 44. Ke3 Nxb2 45. Rxh3 Nc4+ 46. Kd4 Nxb6 47. Rxh7+ Kf6 48. Rxa7 e3 49. Kxe3 Rh8 50. Rb7 Rh3+ 51. Kd4 Rh4+ 52. Kc3 Rh3+ 53. Kb2 Rxh2+ 54. Ka3 Nc8 55. Ka4 Ne7 56. Rd7 Nf5 57. Ka5 Ke5 58. Rd8 Rb2 59. Ka4 Nd4 60. Re8+ Kf4 61. Bc4 Rc2 62. Rc8 Rb2 63. Ka5 Nf5 64. b5 Ke5 65. b6 Kd4 66. Ka6 Ne3 67. Bb5 Ra2+ 68. Kb7 Nxd5 69. Rc4+ Ke5 70. Bc6 Rb2 71. Bxd5 Kxd5 72. Rc6 Ke5 73. Kc7 d5 74. Rc5 Ke4 75. Kc6 d4 76. Rb5 Rxb5 77. Kxb5 d3 78. b7 d2 79. b8=Q d1=Q 1/2-1/2

[Event "22nd ETCC Women 2019"]
[Site "Batumi"]
[Date "2019.10.24"]
[Round "1.15"]
[White "Dannenberg, Alia"]
[Black "Gevorgyan, Maria"]
[Result "0-1"]
[ECO "B35"]
[WhiteElo "1902"]
[BlackElo "2260"]
[Annotator "NA"]
[PlyCount "112"]
[EventDate "2019.10.24"]
[EventType "team-tourn"]
[EventCountry "GEO"]
[SourceTitle "playchess.com"]
[Source "ChessBase"]
[SourceQuality "1"]
[WhiteTeam "Finland"]
[BlackTeam "Armenia"]
[WhiteTeamCountry "FIN"]
[BlackTeamCountry "ARM"]
[TimeControl "40/5400+30:1800+30"]

1. e4 c5 2. Nf3 Nc6 3. d4 cxd4 4. Nxd4 g6 5. Nc3 Bg7 6. Be3 Nf6 7. Bc4 O-O 8. Bb3 Re8 9. f3 e6 10. O-O d5 11. exd5 exd5 12. Bf2 Be6 13. Qd2 a6 14. Nce2 h6 15. c3 Na5 16. Rfe1 Nc4 17. Qc2 Bd7 18. Nf4 Qc7 19. Bg3 Qc5 20. Bf2 Qa5 21. Rad1 g5 22. Nd3 Rxe1+ 23. Rxe1 Re8 24. Rxe8+ Nxe8 25. Qe2 Kf8 26. Nb4 Ned6 27. h3 Bf6 28. g4 Be5 29. Nd3 f6 30. Bxc4 dxc4 31. Nb4 Qa4 32. Qc2 Qxc2 33. Nbxc2 h5 34. Kg2 f5 35. Bg3 f4 36. Bf2 Ne8 37. Nb4 Nf6 38. gxh5 Kg7 39. Nbc2 Kh6 40. h4 g4 41. fxg4 Nxg4 42. Be1 Kxh5 43. Kf3 Nf6 44. Bf2 Bd6 45. Be1 Bg4+ 46. Kg2 Bd1 47. Bf2 Ne4 48. Ne1 Bc5 49. Bg1 Kxh4 50. Nf5+ Kg4 51. Bxc5 Nxc5 52. Nd6 b5 53. Kf2 Na4 54. Nf7 Nxb2 55. Ne5+ Kf5 56. N5f3 Na4 0-1

[Event "22nd ETCC Women 2019"]
[Site "Batumi"]
[Date "2019.10.24"]
[Round "1.16"]
[White "Sargsyan, Anna M."]
[Black "Norlamo, Sarabella"]
[Result "1-0"]
[ECO "E15"]
[WhiteElo "2242"]
[BlackElo "2020"]
[Annotator "NA"]
[PlyCount "119"]
[EventDate "2019.10.24"]
[EventType "team-tourn"]
[EventCountry "GEO"]
[SourceTitle "playchess.com"]
[Source "ChessBase"]
[SourceQuality "1"]
[WhiteTeam "Armenia"]
[BlackTeam "Finland"]
[WhiteTeamCountry "ARM"]
[BlackTeamCountry "FIN"]
[TimeControl "40/5400+30:1800+30"]

1. d4 Nf6 2. c4 e6 3. Nf3 b6 4. g3 Ba6 5. Qc2 Bb4+ 6. Bd2 Be7 7. Bg2 O-O 8. O-O d5 9. cxd5 Bxe2 10. dxe6 Bxf1 11. exf7+ Kh8 12. Kxf1 c6 13. Ng5 Qc8 14. Bh3 Nbd7 15. Nc3 h6 16. Ne6 Rxf7 17. Nf4 Qa6+ 18. Kg1 Nf8 19. Qb3 Kg8 20. Bf1 b5 21. Nd3 N8d7 22. Bh3 b4 23. Nxb4 Bxb4 24. Be6 Raf8 25. Qxb4 Kh7 26. Bxf7 Rxf7 27. Qb3 Rf8 28. Qc2+ Kh8 29. Re1 Qc4 30. Be3 Ng4 31. Qa4 Nxe3 32. Rxe3 Qf7 33. Re2 Nb8 34. Qa3 Kg8 35. Qe7 Na6 36. Qe6 Nb4 37. Qxf7+ Rxf7 38. a3 Nd3 39. b4 a5 40. bxa5 Ra7 41. Re3 Nc1 42. Re6 Rxa5 43. a4 Nb3 44. Rxc6 Nxd4 45. Rd6 Nb3 46. Rb6 Nd4 47. Kg2 Rc5 48. Nb5 Nxb5 49. axb5 Rc2 50. Rc6 Rb2 51. b6 Kh7 52. Kf3 Rb3+ 53. Ke4 Rb2 54. Kd5 Rxf2 55. Kc5 Rb2 56. Kd6 Rf2 57. b7 Rf6+ 58. Kd5 Rf5+ 59. Kc4 Rf8 60. Rc8 1-0

[Event "22nd ETCC Women 2019"]
[Site "Batumi"]
[Date "2019.10.24"]
[Round "1.16"]
[White "Makka, Ioulia"]
[Black "Majdan, Joanna"]
[Result "1-0"]
[ECO "B92"]
[WhiteElo "2048"]
[BlackElo "2352"]
[Annotator "NA"]
[PlyCount "63"]
[EventDate "2019.10.24"]
[EventType "team-tourn"]
[EventCountry "GEO"]
[SourceTitle "playchess.com"]
[Source "ChessBase"]
[SourceQuality "1"]
[WhiteTeam "Greece"]
[BlackTeam "Poland"]
[WhiteTeamCountry "GRE"]
[BlackTeamCountry "POL"]
[TimeControl "40/5400+30:1800+30"]

1. e4 c5 2. Nf3 d6 3. d4 cxd4 4. Nxd4 Nf6 5. Nc3 a6 6. Be2 Nc6 7. O-O e5 8. Nb3 Be7 9. Kh1 O-O 10. a4 Nb4 11. f4 b6 12. Bf3 Bb7 13. Rf2 Qc7 14. Be3 Rac8 15. Rd2 Bc6 16. Qg1 Rb8 17. g4 d5 18. exd5 exf4 19. dxc6 fxe3 20. Qxe3 h6 21. Nd4 Bc5 22. g5 Rfe8 23. Qg1 hxg5 24. Qxg5 Nh7 25. Qg2 Rbd8 26. Nf5 Qe5 27. Rxd8 Rxd8 28. c7 Re8 29. Be4 Kh8 30. Rd1 Be7 31. Nxe7 Qxe7 32. Qh3 1-0

[Event "22nd ETCC Women 2019"]
[Site "Batumi"]
[Date "2019.10.24"]
[Round "1.17"]
[White "Peng, Zhaoqin"]
[Black "Goossens, Hanne"]
[Result "0-1"]
[ECO "A16"]
[WhiteElo "2364"]
[BlackElo "2156"]
[Annotator "NA"]
[PlyCount "86"]
[EventDate "2019.10.24"]
[EventType "team-tourn"]
[EventCountry "GEO"]
[SourceTitle "playchess.com"]
[Source "ChessBase"]
[SourceQuality "1"]
[WhiteTeam "Netherlands"]
[BlackTeam "Belgium"]
[WhiteTeamCountry "NED"]
[BlackTeamCountry "BEL"]
[TimeControl "40/5400+30:1800+30"]

1. c4 Nf6 2. Nc3 g6 3. e4 d6 4. d4 Bg7 5. Bd3 O-O 6. Nge2 a6 7. O-O Nbd7 8. Bc2 c5 9. d5 Ne5 10. b3 b5 11. f4 Ned7 12. Rb1 Nb6 13. cxb5 axb5 14. Nxb5 Rxa2 15. Nec3 Ra8 16. h3 Ba6 17. Bd3 Qd7 18. Re1 e6 19. dxe6 fxe6 20. Bf1 d5 21. e5 Nh5 22. Qg4 d4 23. Na4 Nxa4 24. bxa4 d3 25. Be3 c4 26. Rec1 Rac8 27. Nc3 Nxf4 28. Bxf4 Qd4+ 29. Kh1 Qxf4 30. Qxe6+ Kh8 31. Re1 Ra8 32. Qd5 Rae8 33. Re4 Qg3 34. Qd4 Rxe5 35. Rg4 Qe3 36. Qxe3 Rxe3 37. Nd5 Re5 38. Nc7 Bc8 39. Rxc4 d2 40. Rd1 Re1 41. Rxd2 Rexf1+ 42. Kh2 Be5+ 43. g3 Bb7 0-1

[Event "22nd ETCC Women 2019"]
[Site "Batumi"]
[Date "2019.10.24"]
[Round "1.17"]
[White "Reizniece-Ozola, Dana"]
[Black "Mammadzada, Gunay"]
[Result "0-1"]
[ECO "A13"]
[WhiteElo "2297"]
[BlackElo "2427"]
[Annotator "NA"]
[PlyCount "60"]
[EventDate "2019.10.24"]
[EventType "team-tourn"]
[EventCountry "GEO"]
[SourceTitle "playchess.com"]
[Source "ChessBase"]
[SourceQuality "1"]
[WhiteTeam "Latvia"]
[BlackTeam "Azerbaijan"]
[WhiteTeamCountry "LAT"]
[BlackTeamCountry "AZE"]
[TimeControl "40/5400+30:1800+30"]

1. c4 e6 2. Nf3 d5 3. e3 Nf6 4. Nc3 Be7 5. d3 O-O 6. g3 c5 7. Bg2 d4 8. exd4 cxd4 9. Nb5 Nc6 10. O-O Ne8 11. Rb1 e5 12. b4 f6 13. Bd2 Be6 14. Re1 Qd7 15. a4 a6 16. Na3 a5 17. Nc2 Nc7 18. b5 Nd8 19. b6 Na6 20. Bxa5 Nc6 21. Bd2 Nc5 22. Nb4 Rxa4 23. Nd5 Ra3 24. Nxe7+ Qxe7 25. Bf1 Nxd3 26. Bc1 Nxc1 27. Rxc1 Bg4 28. Bg2 e4 29. Ra1 Bxf3 30. Bxf3 Rxf3 0-1

[Event "22nd ETCC Women 2019"]
[Site "Batumi"]
[Date "2019.10.24"]
[Round "1.18"]
[White "Balajayeva, Khanim"]
[Black "Rogule, Laura"]
[Result "1-0"]
[ECO "B22"]
[WhiteElo "2368"]
[BlackElo "2269"]
[Annotator "NA"]
[PlyCount "67"]
[EventDate "2019.10.24"]
[EventType "team-tourn"]
[EventCountry "GEO"]
[SourceTitle "playchess.com"]
[Source "ChessBase"]
[SourceQuality "1"]
[WhiteTeam "Azerbaijan"]
[BlackTeam "Latvia"]
[WhiteTeamCountry "AZE"]
[BlackTeamCountry "LAT"]
[TimeControl "40/5400+30:1800+30"]

1. e4 c5 2. c3 Nf6 3. e5 Nd5 4. Bc4 Nb6 5. Bb3 c4 6. Bc2 d5 7. exd6 Qxd6 8. Ne2 g6 9. b3 Bg7 10. Na3 Be6 11. bxc4 Nxc4 12. Nb5 Qd7 13. Nf4 a6 14. Na3 Nxa3 15. Bxa3 Bc4 16. Bb3 Bb5 17. Nd5 O-O 18. Rc1 Qe6+ 19. Ne3 Qf6 20. c4 Bc6 21. O-O Nd7 22. Nd5 Bxd5 23. cxd5 Rfc8 24. Re1 Bf8 25. Qg4 Nb6 26. Rb1 h5 27. Qe4 Nd7 28. d6 exd6 29. Bb2 Qf5 30. Qd4 Ne5 31. f4 Rc5 32. fxe5 dxe5 33. Qe3 Rc7 34. Qxe5 1-0

[Event "22nd ETCC Women 2019"]
[Site "Batumi"]
[Date "2019.10.24"]
[Round "1.18"]
[White "Vanduyfhuys, Daria"]
[Black "Haast, Anne"]
[Result "1/2-1/2"]
[ECO "A88"]
[WhiteElo "1983"]
[BlackElo "2288"]
[Annotator "NA"]
[PlyCount "100"]
[EventDate "2019.10.24"]
[EventType "team-tourn"]
[EventCountry "GEO"]
[SourceTitle "playchess.com"]
[Source "ChessBase"]
[SourceQuality "1"]
[WhiteTeam "Belgium"]
[BlackTeam "Netherlands"]
[WhiteTeamCountry "BEL"]
[BlackTeamCountry "NED"]
[TimeControl "40/5400+30:1800+30"]

1. d4 f5 2. c4 Nf6 3. Nc3 d6 4. Nf3 g6 5. g3 Bg7 6. Bg2 O-O 7. O-O c6 8. Qc2 Na6 9. a3 Qc7 10. b4 e5 11. Bb2 e4 12. Nd2 Qf7 13. Rac1 g5 14. Nd1 Re8 15. Qc3 Nc7 16. f3 exf3 17. Qxf3 Qg6 18. Qd3 f4 19. gxf4 Bf5 20. e4 Nxe4 21. Nxe4 Bxe4 22. Bxe4 Qxe4 23. Qxe4 Rxe4 24. fxg5 Ne6 25. d5 Nxg5 26. Bxg7 Kxg7 27. Rc2 Rae8 28. Kh1 Re2 29. Rc3 Ne4 30. Rcf3 Rd2 31. Rg1+ Kh8 32. Rf7 cxd5 33. cxd5 Rxd5 34. Ne3 Rg5 35. Rc1 Kg8 36. Rcc7 Rc8 37. h4 Rxc7 38. Rxc7 Rg3 39. Nf5 Rxa3 40. Rxb7 a6 41. Rb6 Kf7 42. Nxd6+ Nxd6 43. Rxd6 Rh3+ 44. Kg2 Rxh4 45. Rxa6 Rxb4 46. Kh3 Kg7 47. Kg3 Rb1 48. Kh4 Rh1+ 49. Kg5 Rg1+ 50. Kh5 Rh1+ 1/2-1/2

[Event "22nd ETCC Women 2019"]
[Site "Batumi"]
[Date "2019.10.24"]
[Round "1.19"]
[White "Paulet, Iozefina"]
[Black "Barbier, Astrid"]
[Result "1-0"]
[ECO "B39"]
[WhiteElo "2288"]
[BlackElo "1974"]
[Annotator "NA"]
[PlyCount "81"]
[EventDate "2019.10.24"]
[EventType "team-tourn"]
[EventCountry "GEO"]
[SourceTitle "playchess.com"]
[Source "ChessBase"]
[SourceQuality "1"]
[WhiteTeam "Netherlands"]
[BlackTeam "Belgium"]
[WhiteTeamCountry "NED"]
[BlackTeamCountry "BEL"]
[TimeControl "40/5400+30:1800+30"]

1. e4 c5 2. Nf3 g6 3. d4 cxd4 4. Nxd4 Nc6 5. c4 Bg7 6. Be3 Nf6 7. Nc3 Ng4 8. Qxg4 Nxd4 9. Qd1 Ne6 10. Qd2 O-O 11. Be2 d6 12. O-O-O b6 13. h4 Ba6 14. h5 Rc8 15. Bh6 Bxh6 16. Qxh6 g5 17. Bg4 Ng7 18. Bxc8 Qxc8 19. Qxg5 f6 20. Qd5+ Kh8 21. h6 Ne6 22. b3 Rg8 23. Kb1 Bb7 24. Qf5 Rg5 25. Qf3 a6 26. Nd5 Qd8 27. g3 Nc5 28. Rhe1 Bc6 29. Qc3 b5 30. f4 Rg6 31. cxb5 axb5 32. b4 Bxd5 33. bxc5 Bc4 34. cxd6 exd6 35. e5 Qa8 36. exf6 Kg8 37. Rxd6 Bxa2+ 38. Kc1 Bf7 39. Red1 Be8 40. Rd8 Qe4 41. Re1 1-0

[Event "22nd ETCC Women 2019"]
[Site "Batumi"]
[Date "2019.10.24"]
[Round "1.19"]
[White "Berzina, Ilze"]
[Black "Fataliyeva, Ulviyya"]
[Result "0-1"]
[ECO "C03"]
[WhiteElo "2216"]
[BlackElo "2368"]
[Annotator "NA"]
[PlyCount "106"]
[EventDate "2019.10.24"]
[EventType "team-tourn"]
[EventCountry "GEO"]
[SourceTitle "playchess.com"]
[Source "ChessBase"]
[SourceQuality "1"]
[WhiteTeam "Latvia"]
[BlackTeam "Azerbaijan"]
[WhiteTeamCountry "LAT"]
[BlackTeamCountry "AZE"]
[TimeControl "40/5400+30:1800+30"]

1. e4 e6 2. d4 d5 3. Nd2 Be7 4. Ngf3 Nf6 5. Bd3 c5 6. exd5 exd5 7. dxc5 O-O 8. O-O Bxc5 9. Nb3 Bb6 10. h3 Nc6 11. c3 Ne4 12. Nbd4 Qf6 13. Be3 Re8 14. Re1 h6 15. Bc2 Ne7 16. Nb5 a6 17. Bxb6 Qxb6 18. Nbd4 Qxb2 19. c4 Nf6 20. cxd5 Nexd5 21. Rxe8+ Nxe8 22. Bb3 Nef6 23. Ne5 Be6 24. Rb1 Qc3 25. Rc1 Qb4 26. Nxe6 fxe6 27. Ng4 Nxg4 28. Bxd5 Nxf2 29. Bxe6+ Kh8 30. Qd5 Ne4 31. Rc8+ Rxc8 32. Bxc8 Qb6+ 33. Kh2 Qd6+ 34. Qxd6 Nxd6 35. Be6 g6 36. Kg3 Kg7 37. Kf4 Kf6 38. Bd5 b5 39. h4 Nf5 40. g3 g5+ 41. hxg5+ hxg5+ 42. Kf3 Ke5 43. Bb7 a5 44. Bc8 Nd4+ 45. Ke3 Nf5+ 46. Kf3 a4 47. Bd7 a3 48. Kg4 Nd4 49. Kxg5 b4 50. Ba4 b3 51. Bxb3 Nxb3 52. g4 Nc1 53. Kh6 Nxa2 0-1

[Event "22nd ETCC Women 2019"]
[Site "Batumi"]
[Date "2019.10.24"]
[Round "1.20"]
[White "Mammadova, Gulnar"]
[Black "Limanovska, Elizabete"]
[Result "1-0"]
[ECO "C50"]
[WhiteElo "2369"]
[BlackElo "2186"]
[Annotator "NA"]
[PlyCount "75"]
[EventDate "2019.10.24"]
[EventType "team-tourn"]
[EventCountry "GEO"]
[SourceTitle "playchess.com"]
[Source "ChessBase"]
[SourceQuality "1"]
[WhiteTeam "Azerbaijan"]
[BlackTeam "Latvia"]
[WhiteTeamCountry "AZE"]
[BlackTeamCountry "LAT"]
[TimeControl "40/5400+30:1800+30"]

1. e4 e5 2. Nf3 Nc6 3. Bc4 Bc5 4. d3 Nf6 5. O-O h6 6. c3 d6 7. a4 a5 8. Na3 Bxa3 9. Rxa3 O-O 10. Re1 Be6 11. Bb5 Ne7 12. d4 Ng6 13. Bf1 Re8 14. c4 c5 15. d5 Bd7 16. g3 Qc8 17. Nh4 Nxh4 18. gxh4 Bg4 19. Qc2 Nh5 20. h3 Bd7 21. Qd1 Nf6 22. Kh2 Kh7 23. Bg2 Qd8 24. f4 Qe7 25. Rg3 Rg8 26. Bf3 Be8 27. f5 Nd7 28. Reg1 Qxh4 29. Rg4 Qe7 30. Qe1 Nf6 31. R4g2 Bxa4 32. Qh4 Qf8 33. Bg5 Nd7 34. Bxh6 gxh6 35. Rxg8 Qxg8 36. Rxg8 Rxg8 37. Qe7 Kg7 38. b3 1-0